Match 47316603
Unlisted

Match 47316603
End
Panzergrenadier Squad
Kradschützen Motorcycle Team
250 Light Carrier
Construct Light Support Kompanie
Combat Half-tracks
Panzergrenadier Squad
Selects Armored Support Battlegroup
Selects Superior Fire Drills
Construct Mechanized Kompanie
Panzerjäger Mechanized Group
8 Rad Armored Car
254 Reconnaissance Tractor
Vehicle Survival Package
Selects Flammpanzer III Medium Tank
254 Reconnaissance Tractor
8 Rad Armored Car
Panzerpioneer Squad
Selects Command Panzer IV F Medium Tank
8 Rad Armored Car
Selects Salvage Kits
Marder III Tank Destroyer
Marder III Tank Destroyer
[BPX] Kronosaur0s
Endless Pera
Raiden
帝国大机霸贝克尔少校
0
0

Comments sign in to comment!

No comments posted yet!